Map: Dusk Towers

Players

LilDicky - Winner!

  • Race: Terran Terran
  • League: Diamond

nooblet

  • Race: Protoss Protoss
  • League: Diamond

VOD

http://www.twitch.tv/tumescentpie

Description

Time

  • Played on: Dec. 7, 2015, 2:05 p.m.
  • Length: 8:31
Show
View Real Time Build Order
Export as new Build Order

LilDicky Terran - Winner!

Build Orders: MMM Bio 

Get SALT Encoding   

  12  0:02  SCV  
  13  0:14  SCV  
  14  0:18  Supply Depot  
  14  0:26  SCV  
  15  0:32  Refinery  
  15  0:40  SCV  
  16  0:45  Barracks  
  16  0:52  SCV  
  17  1:05  SCV  
  18  1:17  SCV  
  19  1:29  SCV  
  20  1:33  Supply Depot, Marine  
  20  1:35  Factory  
  21  1:44  Orbital Command  
  21  1:54  Marine  
  21  1:59  Barracks  
  22  2:05  Barracks  
  22  2:09  SCV  
  22  2:15  Refinery  
  23  2:17  Barracks Reactor  
  23  2:21  SCV  
  24  2:27  Supply Depot  
  24  2:35  SCV  
  25  2:44  Widow Mine  
  25  2:47  SCV, Barracks Tech Lab  
  28  2:52  Barracks Tech Lab  
  28  2:54  Marine x2  
  30  3:08  SCV  
  30  3:11  Supply Depot, Combat Shields  
  30  3:12  Stimpack, Marine  
  31  3:25  Marauder  
  31  3:26  Marine x2  
  35  3:37  Starport  
  35  3:38  Marine  
  36  3:52  SCV  
  36  3:54  Marauder, Marine  
  36  3:55  Marine  
  41  3:56  Marine  
  41  4:02  Widow Mine  
  42  4:04  SCV  
  42  4:09  Supply Depot  
  43  4:14  Marauder  
  43  4:17  Medivac  
  47  4:30  Concussive Shells  
  47  4:31  Marauder, Marine x2  
  51  5:00  Marauder x2  
  55  5:23  Marauder  
  55  5:27  Medivac, Marine x3  
  62  5:30  Supply Depot  
  60  5:44  Marine, Marauder  
  63  5:51  SCV, Marauder, Marine  
  67  6:02  Marine  
  68  6:06  Marauder  
  68  6:09  Marine  
  71  6:21  Marine  
  71  6:24  Marauder  
  71  6:36  Marine  
  71  6:40  Marauder  
  71  6:43  Marine  
  71  6:44  Marine  
  62  7:01  Marauder  
  62  7:02  Marine  
  62  7:03  Marauder  
  65  7:11  Marine  
  66  7:20  Marine  
  66  7:22  Marauder, Medivac  
  71  7:31  Supply Depot x2, Marine  
  71  7:32  Marauder  
  74  7:38  Command Center, Marine  
  74  7:43  Marine  
  75  8:03  Marine  
  75  8:04  Marauder x2  
Show
View Real Time Build Order
Export as new Build Order

nooblet Protoss 

Build Orders: 1 Gate Expand 

Get SALT Encoding   

  12  0:01  Probe (Chrono Boost)  
  13  0:11  Probe (Chrono Boost)  
  14  0:17  Pylon  
  14  0:22  Probe (Chrono Boost)  
  15  0:36  Probe (Chrono Boost)  
  15  0:38  Gateway  
  16  0:45  Assimilator  
  16  0:46  Probe (Chrono Boost)  
  18  0:57  Probe (Chrono Boost)  
  18  1:07  Probe (Chrono Boost)  
  19  1:20  Nexus  
  19  1:24  Probe (Chrono Boost)  
  20  1:33  Cybernetics Core  
  20  1:37  Probe (Chrono Boost)  
  21  1:47  Probe (Chrono Boost), Pylon  
  22  1:56  Assimilator  
  22  1:58  Probe (Chrono Boost)  
  23  2:02  Warp Gate  
  23  2:11  Mothership Core (Chrono Boost)  
  25  2:29  Stalker, Probe (Chrono Boost)  
  28  2:33  Probe (Chrono Boost)  
  29  2:40  Probe (Chrono Boost)  
  29  2:43  Probe (Chrono Boost)  
  31  2:47  Robotics Facility  
  31  2:50  Probe (Chrono Boost)  
  32  2:54  Probe (Chrono Boost)  
  33  2:58  Stalker (Chrono Boost)  
  33  3:01  Probe (Chrono Boost)  
  33  3:04  Probe (Chrono Boost)  
  37  3:15  Gateway  
  37  3:17  Gateway  
  36  3:30  Stalker (Chrono Boost)  
  39  3:34  Observer (Chrono Boost)  
  39  3:38  Probe x2  
  41  3:50  Probe  
  41  3:57  Probe  
  41  4:01  Observer (Chrono Boost)  
  41  4:02  Probe (Chrono Boost)  
  44  4:08  Pylon  
  44  4:09  Twilight Council  
  45  4:10  Probe (Chrono Boost)  
  45  4:14  Probe (Chrono Boost)  
  46  4:21  Pylon  
  46  4:26  Observer  
  46  4:29  Stalker  
  46  4:31  Stalker  
  51  4:33  Probe (Chrono Boost)  
  51  4:35  Probe (Chrono Boost), Assimilator  
  53  4:39  Assimilator  
  53  4:44  Probe (Chrono Boost)  
  55  4:47  Probe (Chrono Boost)  
  55  4:49  Twilight Council  
  55  5:11  Stalker  
  55  5:13  Probe (Chrono Boost)  
  58  5:15  Probe (Chrono Boost)  
  58  5:20  Nexus  
  58  5:24  Probe (Chrono Boost)  
  58  5:27  Probe (Chrono Boost)  
  60  5:34  Probe (Chrono Boost)  
  61  5:35  Blink  
  61  5:42  Probe (Chrono Boost)  
  62  5:43  Pylon  
  62  5:44  Pylon  
  62  5:58  Pylon  
  62  6:02  Pylon  
  62  6:05  Probe (Chrono Boost)  
  62  6:08  Immortal  
  62  6:17  Zealot x3  
  52  6:36  Zealot x2  
  38  6:51  Zealot  
  26  7:06  Stalker x2  
  28  7:13  Gateway  
  28  7:19  Gateway  
  28  7:32  Mothership Core, Gateway  
  28  7:34  Gateway  
  30  7:40  Pylon  
  30  7:42  Pylon  
Tags
 
Add a new tag
Caveats
  • Supply blocks, unpowered buildings, or Contaminate may cause inaccurate times.
  • Supply counts are checked every 10 seconds.